AoeStats
← Proverbial Monkey

Arena

508546608Analyzed
3v3 RM · 10d ago on Sep 23, 2026· 34m 55s· 6 players
Game mode
Random Map
Map size
Normal (6 player)
Population
200
Speed
Normal
Resources
Standard
Victory
Conquest
Starting age
Dark Age
Ending age
Imperial Age
RankedLock teamsTeams togetherTeam positionsShared explorationLock speedFull tech treeHidden civsTurbo modeCheats
Victory
Defeat
🇲🇽 Bohemians · Mexico
896
+14
🇲🇽 Saxons · Mexico
841
+16
🇲🇽 Varangians · Mexico
775
+18
🇺🇸 Persians · United States
892
-18
🇲🇽 Maya · Mexico
815
-15
🇵🇪 Franks · Peru
808
-15
TeGoat95
10:19 Feudal Age
11:11 Double-Bit Axe
12:56 Horse Collar
17:45 Castle Age
18:06 Gold Mining
19:00 Gambesons
19:18 Squires
19:04 Arson
22:29 Scale Mail Armor
27:39 Chain Mail Armor
27:35 Forging
29:59 Elite Skirmisher
Proverbial Monkey
5:08 Loom
11:11 Feudal Age
15:31 Castle Age
13:44 Double-Bit Axe
21:22 Bow Saw
21:07 Horse Collar
24:53 Wheelbarrow
24:31 Heavy Plow
25:18 Scale Mail Armor
25:28 Forging
29:13 Imperial Age
27:48 Hand Cart
27:19 Town Watch
28:16 Chain Mail Armor
28:45 Gold Mining
28:48 Stone Mining
29:39 Elite Hearth Troop
30:28 Shield Wall
31:46 Hoardings
33:39 Town Patrol
gabrielyamiltego
10:10 Feudal Age
10:51 Double-Bit Axe
15:11 Castle Age
16:27 Bow Saw
17:40 Loom
19:11 Horse Collar
22:13 Ballistics
22:22 Heavy Plow
22:27 Fletching
24:24 Wheelbarrow
25:21 Chemistry
26:16 Murder Holes
26:19 Bodkin Arrow
27:05 Hand Cart
27:13 Padded Archer Armor
32:05 Imperial Age
30:06 Leather Archer Armor
33:11 Conscription
juanette
10:31 Feudal Age
12:04 Double-Bit Axe
15:03 Castle Age
14:38 Stone Mining
15:55 Loom
18:59 Crossbowman
20:01 Town Watch
Aqua jahaan
0:31 Loom
Retired Big Boss
Connection lost

Rejoining the realm…

Still unreachable

The connection could not be restored.

Session expired

The server has moved on; the page needs a fresh start.